woodfighter, neutral female scurrid Tourist ------------ ------------- #-........*.| |...........| ###|..........-#######............| # ---------|-- ###|...........| ------- ### #%# # #----------.-- |.....-- # # # ############# |.......## ### # # |......| # # ### |.......############ # # |.....{| # # ### ----------- -|------ --+--- # # # ...........### # |....| ## -|-.------ |.........| # |....| -----## |.........#####|.........| ###------ |....-### |>.(|# |........| #.......>..| #-@[?*| |.<..| # |*..|# |.........#####----------- |.!!*| ------ ##-....# ---------- ############# |.?*=| ----- |.@m%| |.%(%| ------ woodfighter the Sightseer Experience level: 4 Strength: 9 Dexterity: 13 Constitution: 14 Intelligence: 12 Wisdom: 10 Charisma: 18 Health: 0(24) Energy: 13(13) Def: 0 Gold: 765 Moves: 1171 Dungeon seed: EvIDMpS6Rfq6T_y- Game ID: woodfighter_1527696162 Your Inventory: Coins $ - 765 gold pieces Weapons a - 38 blessed +2 darts (in quiver) Armor e - an uncursed +0 Hawaiian shirt (being worn) Comestibles b - 2 uncursed eggs c - 3 uncursed chestnuts d - 5 uncursed food rations f - an uncursed tin of spinach g - an uncursed pancake h - an uncursed tripe ration u - an uncursed banana B - an uncursed lichen corpse O - an uncursed sprig of wolfsbane V - an uncursed egg Scrolls k - 3 uncursed scrolls of magic mapping l - a blessed scroll of magic mapping n - an uncursed scroll of scare monster q - a blessed scroll of identify J - 2 uncursed scrolls of enchant weapon S - a blessed scroll of scare monster Potions i - a blessed potion of extra healing j - an uncursed potion of extra healing C - an uncursed potion of water D - a cursed potion of polymorph T - an uncursed potion of confusion Wands o - a wand of secret door detection (0:14) Tools m - an expensive camera (0:79) p - an uncursed oil lamp (0:1105) y - an uncursed skeleton key W - an uncursed blindfold Spells and supernatural/magical abilities: Name Level Category Fail Memory W - pray for help -- divine ? -- Your skills at the end: Miscellaneous Skills wands [Basic] Weapon Skills dart [Basic] Spellcasting Skills Final Attributes: You were devoutly aligned. You were telepathic. You had infravision. You were very stealthy. You were lucky. You are dead. Vanquished creatures: a shrieker a floating eye a kitten a giant bat a hobbit a hobgoblin a giant rat 6 jackals a fox 9 newts a goblin a sewer rat 3 grid bugs 3 lichens a kobold zombie 32 creatures vanquished. Voluntary challenges: You did not adorn yourself with jewelry or accessories. You did not cause conflict. You were not invisible. You did not have reflection. You were not displaced. You were an atheist. You never hit with a wielded weapon. You did not apply a unicorn horn. You did not use plumbed fixtures. You did not drink any magical draughts. You were illiterate. You never genocided any monsters. You never polymorphed an object. You never changed form. You used no wishes. You never split a pudding. You never wrote Elbereth's name. You never violated your personal moral code. Dungeon overview: The Dungeons of Doom: levels 1 to 5 Level 1 a fountain a long staircase Level 2 a sink Level 3 a general store, some fountains, a sink Level 4 <- You were here a general store, a fountain stairs to The Gnomish Mines Level 5 The Gnomish Mines: Level 5 stairs to The Dungeons of Doom History has recorded: On T:1 you entered the Dungeons of Doom to retrieve the Amulet of Yendor! On T:81 you reached level 2 of The Dungeons of Doom. On T:415 you advanced to experience level 2. On T:446 you reached level 3 of The Dungeons of Doom. On T:775 you advanced to experience level 3. On T:868 you reached level 4 of The Dungeons of Doom. On T:954 you reached level 1 of The Gnomish Mines. On T:1066 you advanced to experience level 4. On T:1137 you reached level 5 of The Dungeons of Doom. Score breakdown: Gold: 250 ( 25 points) Experience: 4 levels ( 300 points) Exploration: 5 levels ( 120 points) Discoveries: 8 items ( 400 points) Variety of kills: 15 monsters ( 750 points) Major goal: (nothing yet) ( 0 points) Survival: died (score multiplied by 3) Total score: 4785 Latest messages: You see here 2 green gems (534 zorkmids). You see here a red gem (444 zorkmids). You see here a clear potion (4 zorkmids). You see here a golden potion (267 zorkmids). You see here a scroll of light (44 zorkmids). You see here 4 gray stones (4 zorkmids). You see here an ivory ring (178 zorkmids). You see here 4 gray stones (4 zorkmids). "For you, esteemed lady; only 1 for this gray stone." r - a gray stone (unpaid, 1 zorkmid). You drop a stone called flint (unpaid, 1 zorkmid). You see here a scroll of light (44 zorkmids). You see here an egg (8 zorkmids). Wait! That's a small mimic! The small mimic claws you! You claw the small mimic. (4x) You miss the small mimic. The small mimic claws you! You claw the small mimic. (3x) You miss the small mimic. You claw the small mimic. The small mimic claws you! You die... Wonotobo gratefully inherits all your possessions. Final status: Aloha woodfighter the Tourist, killed by a small mimic... You died in The Dungeons of Doom on dungeon level 4 with 4785 points, and 765 pieces of gold, after 1171 moves. You were level 4 with a maximum of 24 hit points when you died.